 Dungeon Crawl Stone Soup version 0.31-a0-774-g0d66cbabe8 (webtiles) character file.

Game seed: 8370197833126310049

17343 Aneyh the Markstengu (level 12, -1/55 HPs)
             Began as a Tengu Hunter on Sept 18, 2023.
             Was a Priest of Hepliaklqana.
             Slain by a skeletal warrior
             ... wielding a +0 battleaxe
              (27 damage)
             ... on level 13 of the Dungeon.
             The game lasted 00:34:03 (14921 turns).

Aneyh the Markstengu (Tengu Hunter)                Turns: 14921, Time: 00:34:03

Health: -1/55      AC: 10    Str: 15    XL:     12   Next: 47%
Magic:  13/13      EV: 36    Int:  9    God:    Hepliaklqana [***...]
Gold:   872        SH:  0    Dex: 26    Spells: 8/11 levels left

rFire   . . .        a - +0 shortbow (heavy)
rCold   . . .        (shield currently unavailable)
rNeg    . . .        t - +1 leather armour of Wypisitt {-Tele rPois rCorr Int+2}
rPois   +            (helmet restricted)
rElec   .            u - +0 cloak
rCorr   +            p - +0 pair of gloves
SInv    .            (boots unavailable)
Will    .....        (no amulet)
Stlth   ++           l - +4 ring of protection
HPRegen 0.29/turn    A - ring of resist corrosion
MPRegen 0.13/turn

%: no teleportation, acrobat
@: acrobatic, flying
A: reduced essence, beak, talons 3, evasive flight, acrobatic, agile 1, passive
freeze, sense surroundings 1, strong 1
a: Renounce Religion, Recall Ancestor, Ancestor Identity, Transference


You were on level 13 of the Dungeon.
You worshipped Hepliaklqana.
Hepliaklqana was most pleased with you.
You visited 2 branches of the dungeon, and saw 14 of its levels.

You collected 872 gold pieces.

Inventory:

Hand Weapons
 a - a +0 heavy shortbow (weapon)
 b - a +1 dagger of protection
 h - a +5 dire flail
 k - a +0 glaive
 o - a +1 vampiric spear
 C - the +5 woodcutter's axe
   (You found it on level 8 of the Dungeon)
 D - a +1 trident of flaming
 G - a +3 battleaxe
 J - a +2 halberd of venom
Missiles
 O - a throwing net
Armour
 g - +1 steam dragon scales
 p - a +0 pair of gloves (worn)
 q - a +4 chain mail of cold resistance
 t - the +1 leather armour of Wypisitt (worn) {-Tele rPois rCorr Int+2}
   (You found it on level 8 of the Dungeon)

   Int+2:     It affects your intelligence (+2).
   rPois:     It protects you from poison -Tele: It prevents most forms of
   teleportation.
   rCorr:     It protects you from acid and corrosion.
 u - a +0 cloak (worn)
 y - a +4 chain mail
 K - a +2 leather armour of poison resistance
 Q - a +2 robe of fire resistance
Jewellery
 l - a +4 ring of protection (left hand)
 A - a ring of resist corrosion (right hand)
 E - a +5 ring of evasion
Talismans
 I - a flux talisman
Wands
 r - a wand of light (14)
 w - a wand of digging (11)
 F - a wand of flame (15)
Scrolls
 d - 4 scrolls of revelation
 e - 3 scrolls of butterflies
 f - 2 scrolls of noise
 i - a scroll of amnesia
 m - 2 scrolls of fog
 z - 2 scrolls of poison {unknown}
 B - a scroll of torment {unknown}
 H - a scroll of silence {unknown}
 M - 2 scrolls of teleportation
 P - 4 scrolls of identify
Potions
 c - 3 potions of curing
 j - a potion of mutation
 n - 2 potions of magic
 s - 2 potions of enlightenment
 v - 3 potions of resistance
 x - a potion of lignification
 L - a potion of haste
 N - a potion of brilliance {unknown}


   Skills:
 - Level 2.0 Fighting
 * Level 20.4 Ranged Weapons
 + Level 6.2 Dodging
 - Level 1.0 Stealth
 - Level 4.0 Summonings


You had 8 spell levels left.
You knew the following spells:

 Your Spells              Type           Power      Damage    Failure   Level
a - Call Canine Familiar  Summ           7%         N/A       28%         3

Your spell library contained the following spells:

 Spells                   Type           Power      Damage    Failure   Level
 Sandblast                Erth           0%         2d4       45%         1
 Sting                    Tmut/Pois      0%         1d3       45%         1
 Blink                    Tloc           0%         N/A       58%         2
 Ensorcelled Hibernation  Hex/Ice        0%         N/A       58%         2
 Lesser Beckoning         Tloc           0%         N/A       58%         2
 Momentum Strike          Conj/Tloc      0%         3d8       58%         2
 Poisonous Vapours        Pois/Air       0%         N/A       58%         2
 Static Discharge         Conj/Air       0%         2-2/arc   58%         2
 Dazzling Flash           Conj/Hex       0%         N/A       83%         3
 Frozen Ramparts          Ice            0%         1d1       83%         3
 Mephitic Cloud           Conj/Pois/Air  0%         N/A       83%         3
 Sigil of Binding         Hex            0%         N/A       83%         3
 Teleport Other           Tloc           0%         N/A       83%         3
 Summon Lightning Spire   Summ/Air       3%         N/A       91%         4
 Airstrike                Air            0%         2d(0-16)  99%         4
 Dimensional Bullseye     Hex/Tloc       0%         N/A       99%         4
 Iskenderun's Mystic Bla  Conj/Tloc      0%         2d3       99%         4
 Leda's Liquefaction      Hex/Erth       0%         N/A       99%         4
 Olgreb's Toxic Radiance  Pois           0%         N/A       99%         4
 Petrify                  Tmut/Erth      0%         N/A       99%         4
 Vhi's Electric Charge    Tloc/Air       0%         N/A       99%         4
 Summon Mana Viper        Hex/Summ       3%         N/A       99%         5
 Freezing Cloud           Conj/Ice/Air   0%         6-21      100%        5
 Metabolic Englaciation   Hex/Ice        0%         N/A       100%        5
 Dispersal                Tloc           0%         N/A       100%        6
 Discord                  Hex            0%         N/A       100%        8
 Ignition                 Fire           0%         3d3       100%        8
 Lehudib's Crystal Spear  Conj/Erth      0%         10d2      100%        8


Dungeon Overview and Level Annotations

Branches:
Dungeon (13/15)            Temple (1/1) D:5            Lair (0/5) D:10
    Orc (0/2) D:12
 Vaults: D:13-14

Altars:
Ashenzari
Cheibriados
Dithmenos
Elyvilon
Fedhas
Gozag
Hepliaklqana
Kikubaaqudgha
Makhleb
Nemelex Xobeh
Okawaru
Qazlal
Ru
Sif Muna
Trog
Uskayaw
Vehumet
Wu Jian
Xom
Yredelemnul
Zin
The Shining One

Shops:
D:7 *

Annotations:
D:13 Snorg; varamyr's ghost, journeyman DjFE


Innate Abilities, Weirdness & Mutations

Your life essence is reduced to manifest your ancestor. (-10% HP)
You have a beak for a mouth.
You have claws for feet.
Your magical flight helps you evade attacks. (EV +4)
You can magically evade attacks while moving or waiting.
You are agile. (Dex +4, Str/Int -1)
A frigid envelope surrounds you and freezes all who hurt you.
You passively map a small area around you.
Your muscles are strong. (Str +4, Int/Dex -1)


Message History

You destroy the vampire mosquito!
The vampire mosquito bites Ara but does no damage.
Ara barely misses the vampire mosquito.
The vampire mosquito barely misses Ara.
You shoot an arrow.
The arrow barely misses the vampire mosquito.
Ara blocks the vampire mosquito's attack.
The vampire mosquito completely misses Ara.
You shoot an arrow. The arrow hits the vampire mosquito!!
The vampire mosquito is severely damaged.
The vampire mosquito bites Ara but does no damage.
Ara closely misses the vampire mosquito.
The vampire mosquito bites Ara but does no damage.
You shoot an arrow. The arrow hits the vampire mosquito!!
You destroy the vampire mosquito!
No target in view!
You swap places.
You see here a vampire mosquito corpse.
Snorg and a centaur warrior come into view.
You shoot an arrow. The arrow hits the centaur warrior!
The centaur warrior shouts!
The centaur warrior is moderately wounded.
The centaur warrior wields a +0 shortbow.
The centaur warrior shoots an arrow.
The arrow closely misses you.
The centaur warrior shoots an arrow.
The arrow hits you!
You shoot an arrow. The arrow barely misses Snorg.
The centaur warrior shoots an arrow.
The arrow barely misses you.
The centaur warrior shoots an arrow.
Ara blocks the arrow.
The centaur warrior shoots an arrow.
The arrow completely misses you.
The centaur warrior shoots an arrow.
Ara blocks the arrow.
The centaur warrior shoots an arrow.
The arrow misses you.
The centaur warrior shoots an arrow.
Ara blocks the arrow.
Something hits Ara but does no damage.
Something kicks Ara but does no damage.
The skeletal warrior completely misses you.
The skeletal warrior hits you with a +0 battleaxe!!
The skeletal warrior resists.
The skeletal warrior is very cold.
The skeletal warrior is lightly damaged.
The skeletal warrior barely misses you.
The skeletal warrior completely misses you. x2
The skeletal warrior hits you with a +0 battleaxe!!
You die...

................ , ,, ,
......c......... ..... , ,
######..######## #...# , #R.#
#...# #..# #...# *, #T.# #...#
, #..# #...# * ,
######.c#############...# .,
............T.z.@.....<.#..#
..........R.†..z).........#*
###########..............##cD.
#....z.........#T#eW
#....z..)......#D#.~
#....z.........#R#~.
#..............##... *
#...............##., *
#................


8 You could see the friendly Ara the knight, Snorg (ally target) and 5 skeletal
warriors.

Vanquished Creatures
  Josephine (D:13)
  Harold (D:10)
  3 two-headed ogres
  A death yak (D:10)
  A manticore (D:11)
  An ugly thing (D:11)
  2 cyclopes (D:12)
  An unseen horror (D:10)
  2 trolls
  A hornet (D:9)
  2 slime creatures (D:12)
  A shadow (D:11)
  4 wraiths (D:12)
  12 yaks
  A wyvern (D:7)
  A steam dragon (D:6)
  A basilisk (D:9)
  7 vampire mosquitoes
  2 acid dragons
  A water moccasin (D:7)
  2 ice beasts
  A black bear (D:7)
  2 orc warriors (D:9)
  2 sky beasts (D:6)
  A centaur (D:9)
  2 phantoms (D:12)
  3 kobold brigands
  Blork the orc (D:6)
  A bullfrog (D:7)
  8 gnoll sergeants
  3 scorpions
  8 wights
  6 killer bees
  A troll zombie (D:12)
  4 howler monkeys
  4 jellies
  A hound (D:6)
  6 gnoll boudas
  An orc priest (D:5)
  2 iguanas
  Natasha (D:3)
  A sleepcap (D:6)
  3 orc wizards (D:9)
  4 ogre zombies (D:12)
  37 gnolls
  5 adders
  A worm (D:5)
  9 dart slugs
  19 orcs
  6 endoplasms
  5 giant cockroaches
  7 goblins
  8 hobgoblins
  3 jackals (D:4)
  3 quokkas
  8 ball pythons
  3 bats
  2 frilled lizards (D:1)
  A goblin skeleton (D:12)
  A goblin zombie (D:12)
  3 hobgoblin zombies (D:12)
  18 kobolds
  3 orc skeletons (D:12)
  9 orc zombies (D:12)
  4 rats
  A spectral goblin (D:7)
270 creatures vanquished.

Vanquished Creatures (collateral kills)
  A two-headed ogre (D:11)
  A centaur warrior (D:13)
  An ugly thing (D:12)
  A komodo dragon (D:12)
  3 slime creatures (D:12)
  A shadow (D:12)
  A wyvern (shapeshifter) (D:12)
  A wraith (D:12)
  A phantom (D:12)
  A howler monkey (D:9)
  2 orc priests
  An ogre zombie (D:12)
  A goblin zombie (D:12)
  A hobgoblin zombie (D:12)
17 creatures vanquished.

Vanquished Creatures (others)
  9 ancestors
  3 knights
12 creatures vanquished.

Grand Total: 299 creatures vanquished

Notes
Turn   | Place    | Note
-------+----------+-------------------------------------------
     0 | D:1      | Aneyh the Tengu Hunter began the quest for the Orb.
     0 | D:1      | Reached XP level 1. HP: 12/12 MP: 2/2
   325 | D:1      | Got a black book
   373 | D:1      | Reached XP level 2. HP: 17/17 MP: 3/3
   420 | D:1      | Reached skill level 5 in Ranged Weapons
   913 | D:2      | Reached XP level 3. HP: 17/21 MP: 4/4
  1928 | D:3      | Reached skill level 6 in Ranged Weapons
  1929 | D:3      | Reached XP level 4. HP: 16/26 MP: 5/5
  2302 | D:3      | Reached XP level 5. HP: 30/30 MP: 6/6
  2432 | D:3      | Noticed Natasha
  2440 | D:3      | Killed Natasha
  2441 | D:3      | Reached skill level 7 in Ranged Weapons
  3173 | D:4      | Reached XP level 6. HP: 35/35 MP: 7/7
  3804 | D:5      | Entered Level 5 of the Dungeon
  3887 | D:5      | Reached skill level 8 in Ranged Weapons
  4066 | D:5      | Found a staircase to the Ecumenical Temple.
  4339 | D:6      | Noticed a sky beast
  4361 | D:6      | Killed a sky beast
  4362 | D:6      | Gained mutation: Your magical flight helps you evade
                  | attacks. (EV +4) [Tengu growth]
  4362 | D:6      | Reached XP level 7. HP: 11/40 MP: 8/8
  4396 | D:6      | Noticed a steam dragon
  4814 | D:5      | Reached skill level 9 in Ranged Weapons
  4904 | D:5      | Found a sacrificial altar of Ru.
  5153 | D:5      | Found a bloodstained altar of Trog.
  5671 | D:6      | Reached skill level 10 in Ranged Weapons
  5723 | D:6      | Reached XP level 8. HP: 34/44 MP: 9/9
  5859 | D:6      | Reached skill level 11 in Ranged Weapons
  5864 | D:6      | Gained mutation: You are agile. (Dex +4, Str/Int -1)
                  | [potion of mutation]
  5864 | D:6      | Gained mutation: A frigid envelope surrounds you and
                  | freezes all who hurt you. [potion of mutation]
  5864 | D:6      | Gained mutation: You passively map a small area around you.
                  | [potion of mutation]
  5864 | D:6      | Gained mutation: Your muscles are strong. (Str +4, Int/Dex
                  | -1) [potion of mutation]
  6028 | D:6      | Got a sooty book
  6223 | D:6      | Got antique book
  6341 | D:6      | Found an ornate altar of the Wu Jian Council.
  6382 | D:6      | Noticed Blork the orc
  6397 | D:6      | Killed Blork the orc
  6647 | D:7      | Reached skill level 12 in Ranged Weapons
  6659 | D:7      | Found Irphabb's Lightly-Used Armoury.
  7034 | Temple   | Entered the Ecumenical Temple
  7509 | D:7      | Reached XP level 9. HP: 45/48 MP: 10/10
  7535 | D:7      | Reached skill level 13 in Ranged Weapons
  7801 | D:7      | Found a stormy altar of Qazlal.
  7975 | D:7      | Found a hazy altar of Hepliaklqana.
  7991 | D:7      | Became a worshipper of Hepliaklqana the Forgotten
  8152 | D:8      | Learned a level 3 spell: Call Canine Familiar
  8168 | D:8      | Identified the +1 leather armour of Wypisitt {-Tele rPois
                  | rCorr Int+2}
  8222 | D:8      | Noticed a two-headed ogre
  8227 | D:8      | Killed a two-headed ogre
  8228 | D:8      | Reached skill level 14 in Ranged Weapons
  8675 | D:8      | Reached skill level 15 in Ranged Weapons
  8676 | D:8      | Reached XP level 10. HP: 53/53 MP: 11/11
  9099 | D:8      | Found the +5 woodcutter's axe
  9705 | D:9      | Reached * piety under Hepliaklqana
  9715 | D:9      | Reached skill level 16 in Ranged Weapons
 10392 | D:10     | Entered Level 10 of the Dungeon
 10588 | D:10     | Noticed a two-headed ogre
 10594 | D:10     | Killed a two-headed ogre
 10595 | D:10     | Reached skill level 17 in Ranged Weapons
 10616 | D:10     | Noticed a death yak
 10623 | D:10     | Noticed a death yak
 10624 | D:10     | Noticed a death yak
 10626 | D:10     | Killed a death yak
 10627 | D:10     | Reached XP level 11. HP: 51/51 MP: 12/12
 10821 | D:10     | Noticed a death yak
 10825 | D:10     | Noticed a death yak
 11204 | D:10     | Found a glowing golden altar of the Shining One.
 11205 | D:10     | Found a hide-covered altar of Uskayaw.
 11207 | D:10     | Found a shadowy altar of Dithmenos.
 11292 | D:10     | Found a broken altar of Ashenzari.
 11306 | D:10     | Reached skill level 18 in Ranged Weapons
 11372 | D:10     | Noticed Harold
 11689 | D:10     | Found a staircase to the Lair.
 11854 | D:10     | Killed Harold
 12116 | D:11     | Noticed a manticore
 12124 | D:11     | Killed a manticore
 12275 | D:11     | Reached ** piety under Hepliaklqana
 12276 | D:11     | Remembered your ancestor Ara as a knight
 12283 | D:11     | Noticed a purple ugly thing
 12295 | D:11     | Killed a purple ugly thing
 12356 | D:11     | Reached skill level 19 in Ranged Weapons
 12633 | D:11     | Noticed a two-headed ogre
 12638 | D:11     | Killed a two-headed ogre
 12662 | D:11     | Noticed a two-headed ogre
 12667 | D:11     | Killed a two-headed ogre
 12830 | D:12     | Noticed a cyclops
 12837 | D:12     | Killed a cyclops
 13169 | D:12     | Reached skill level 20 in Ranged Weapons
 13223 | D:12     | You are sucked into a shaft and drop 1 floor!
 13244 | D:13     | Noticed a skeletal warrior
 13245 | D:13     | Noticed a skeletal warrior
 13247 | D:13     | Noticed a skeletal warrior
 13247 | D:13     | Noticed a skeletal warrior
 13249 | D:13     | Noticed a skeletal warrior
 13362 | D:13     | Noticed Josephine
 13369 | D:12     | Reached XP level 12. HP: 55/55 MP: 13/13
 13503 | D:12     | Reached *** piety under Hepliaklqana
 13667 | D:12     | Reached skill level 5 in Dodging
 14032 | D:12     | Found a staircase to the Orcish Mines.
 14718 | D:13     | Killed Josephine
 14718 | D:13     | Noticed a centaur warrior
 14843 | D:13     | Noticed a seven-headed hydra
 14843 | D:13     | Noticed a centaur warrior
 14845 | D:13     | Identified the ring of Pixzis {Dex+4 Slay+4}
 14845 | D:13     | Noticed a deep elf knight
 14847 | D:13     | Noticed a six-headed hydra
 14848 | D:13     | Noticed varamyr's ghost (journeyman DjFE)
 14848 | D:13     | Killed a centaur warrior
 14903 | D:13     | Noticed Snorg
 14903 | D:13     | Noticed a centaur warrior
 14921 | D:13     | Slain by a skeletal warrior

Illustrated notes

Levels and vault maps discovered:
D:1:      spicycebolla_arrival_ecumenical, layout_basic, dk_noncrumbling_4
D:2:      layout_basic, corexii_leaking_fountain
D:3:      kennysheep_slugbush, layout_basic, minmay_ruptured, uniq_natasha
D:4:      layout_basic
D:5:      layout_layer_cave, mainiacjoe_overflow_concentric_impassable,
          mainiacjoe_overflow_paths, minmay_temple_entry_from_below_a
D:6:      layout_gridville, nzn_wu_jian_council_hall, uniq_blork_the_orc
D:7:      layout_basic, nicolae_hepliaklqana_monster_ancestors,
          lemuel_doored_altar, minmay_shop_damaged, minivault_23
D:8:      layout_basic, pf_guarded_unrand_woodcutter
D:9:      layout_basic
D:10:     layout_long_grid, general_overflow_altar, minitemple,
          dpeg_lair_monsters, uniq_harold
D:11:     layout_basic
D:12:     layout_stronghold, zombieorc1_lemuel
D:13:     layout_long_grid, nzn_ghost_randoct, uniq_nessos, uniq_snorg,
          uniq_josephine
Temple:   hellmonk_temple_forest_ring

Skill      XL: |  1  2  3  4  5  6  7  8  9 10 11 12 |
---------------+-------------------------------------+-----
Ranged Weapons | 5 6 7 8 10 12 15 17 20 | 20.4
Summonings     | 2 3 4 |  4.0
Dodging        | 6 |  6.2
Fighting       | |  2.0
Stealth        | |  1.0

Action                     |  1- 3 |  4- 6 |  7- 9 | 10-12 || total
---------------------------+-------+-------+-------+-------++-------
  Melee: Dagger            |     2 |    26 |    72 |    17 ||   117
         Peck              |     1 |     7 |    15 |     7 ||    30
         Short sword       |       |    12 |       |       ||    12
         Kick              |       |    11 |    32 |     7 ||    50
   Fire: Shortbow          |   108 |   111 |   234 |   453 ||   906
   Cast: Call Canine Famil |       |       |       |     4 ||     4
 Invoke: Recall Ancestor   |       |       |       |     9 ||     9
         Ancestor Life: Kn |       |       |       |     1 ||     1
    Use: Scroll            |       |       |    16 |     1 ||    17
         Potion            |       |       |     7 |     1 ||     8
   Stab: Distracted        |       |       |     1 |       ||     1
         Sleeping          |       |       |     1 |       ||     1
 Armour: Leather armour    |    27 |    31 |    24 |   111 ||   193
         Steam dragon scal |       |       |    35 |       ||    35
         Skin              |       |       |     2 |       ||     2
  Dodge: Dodged            |    25 |    24 |   105 |   210 ||   364

Table legend: (Time is in decaauts)
 A = Elapsed time spent in this place.
 B = Non-inter-level travel time spent in this place.
 C = Inter-level travel time spent in this place.
 D = Time resting spent in this place.
 E = Time spent auto-exploring this place.
 F = Levels seen in this place.
 G = Mean time per level.
                   A        B        C        D        E       F      G
               +--------+--------+--------+--------+--------+-----+--------+
         Total |  14992 |  14149 |    843 |   2645 |   8293 |  14 | 1070.9 |
       Dungeon |  14989 |  14146 |    843 |   2645 |   8293 |  13 | 1153.0 |
        Temple |      3 |      3 |      0 |      0 |      0 |   1 |    3.0 |
               +--------+--------+--------+--------+--------+-----+--------+

Top non-repeatable levels by time:
    D:12: 1989 daAuts
     D:9: 1973 daAuts
     D:5: 1795 daAuts
     D:6: 1393 daAuts
     D:7: 1175 daAuts
     D:3: 1091 daAuts
     D:8: 1072 daAuts
     D:2: 1023 daAuts
     D:1: 904 daAuts
     D:4: 900 daAuts
    D:10: 802 daAuts
    D:11: 684 daAuts
    D:13: 182 daAuts
  Temple: 3 daAuts
